 Dungeon Crawl Stone Soup version 0.31.0-32-g396128a36d (webtiles) character file.

Game seed: 6032414374878814291

1446 KittyFluff the Ruffian (level 8, -3/76 HPs)
             Began as a Troll Shapeshifter on Mar 31, 2024.
             Was a Follower of Trog.
             Engulfed by a cloud of steam (12 damage)
             ... on level 6 of the Dungeon.
             The game lasted 00:22:02 (5103 turns).

KittyFluff the Ruffian (Troll Shapeshifter)         Turns: 5103, Time: 00:22:03

Health: -3/76      AC:  4    Str: 25    XL:     8   Next: 46%
Magic:  7/7        EV:  9    Int:  6    God:    Trog [*.....]
Gold:   362        SH:  8    Dex:  9    Spells: 5/7 levels left

rFire   . .          .
                       - Unarmed
rCold   . . .        p - +0 kite shield
rNeg    . . .        a - +0 animal skin
rPois   .            (helmet currently unavailable)
rElec   .            (cloak currently unavailable)
rCorr   .            (gloves unavailable)
SInv    .            (boots unavailable)
Will    .....        (no amulet)
Stlth   +            g - ring of flight
HPRegen 1.12/turn    t - +4 ring of slaying
MPRegen 0.10/turn

%: no passive effects
@: beast-form, flying
A: beast (slay +2), large, unfitting armour, claws 3, regeneration 1, shaggy fur
1, tough skin 1
a: Begin Untransformation, Renounce Religion, Berserk


You were on level 6 of the Dungeon.
You worshipped Trog.
Trog was aware of your devotion.
You were a hulking beast.
You visited 1 branch of the dungeon, and saw 6 of its levels.

You collected 362 gold pieces.

Inventory:

Hand Weapons
 k - a +0 sling
 v - a +2 whip of freezing
 E - a +0 mace
 I - a +4 quarterstaff of chaos
 M - a +5 dagger of flaming
Missiles
 f - 31 stones (quivered)
 q - 8 poisoned darts
 K - 2 boomerangs
Armour
 a - a +0 animal skin (worn)
 p - a +0 kite shield (worn)
 D - a scarf of invisibility
 J - a +0 cloak of poison resistance
Jewellery
 g - a ring of flight (left claw)
 t - a +4 ring of slaying (right claw)
Talismans
 c - a beast talisman
 d - a flux talisman
 y - a flux talisman
Wands
 G - a wand of digging (4)
 H - a wand of flame (21)
 L - a wand of charming (12)
Scrolls
 h - 3 scrolls of teleportation {unknown}
 i - a scroll of identify {unknown}
 j - a scroll of poison {unknown}
 l - a scroll of blinking {unknown}
 m - 3 scrolls of fear {unknown}
 o - 3 scrolls of revelation {unknown}
 r - 2 scrolls of immolation {unknown}
 x - 3 scrolls of fog {unknown}
 F - a scroll of vulnerability {unknown}
 N - a scroll of noise {unknown}
Potions
 b - 2 potions of lignification
 e - a potion of mutation {unknown}
 n - 2 potions of heal wounds {unknown}
 s - a potion of attraction {unknown}
 u - a potion of degeneration {unknown}
 w - a potion of enlightenment {unknown}
 z - a potion of berserk rage {unknown}
 A - a potion of brilliance {unknown}
 B - 2 potions of curing {unknown}
 C - 3 potions of resistance {unknown}


   Skills:
 + Level 3.6 Fighting
 + Level 3.4 Throwing
 + Level 3.9 Dodging
 + Level 3.4 Shields
 + Level 5.2 Unarmed Combat
 + Level 4.9 Shapeshifting


You had 5 spell levels left.
You knew the following spells:

 Your Spells              Type           Power      Damage    Failure   Level
a - Blink                 Tloc           0%         N/A       85%         2

Your spell library contained the following spells:

 Spells                   Type           Power      Damage    Failure   Level
 Magic Dart               Conj           0%         1d3       71%         1
 Call Imp                 Summ           0%         N/A       85%         2
 Lesser Beckoning         Tloc           0%         N/A       85%         2
 Momentum Strike          Conj/Tloc      0%         3d8       85%         2


Dungeon Overview and Level Annotations

Branches:
Dungeon (6/15)
 Temple: D:4-7

Altars:
Dithmenos
Kikubaaqudgha
Ru
Sif Muna
Trog
Vehumet
Yredelemnul

Shops:
D:1 ?


Innate Abilities, Weirdness & Mutations

You are a hulking beast.
Your limbs bulge with bestial killing power. (Slay +2)
You are too large for most types of armour.
You have claws for hands.
Your natural rate of healing is unusually fast.
You are covered in fur. (AC +1)
You have tough skin. (AC +1)


Message History

The steam dragon claws you.
You barely miss the steam dragon.
A nearby plant withers and dies.
The steam dragon bites you. The steam dragon barely misses you.
You closely miss the steam dragon. The steam dragon breathes steam at you.
The ball of steam hits you!!
You claw the steam dragon!
The steam dragon is moderately wounded.
You are engulfed in a cloud of scalding steam.
The plant is engulfed in a cloud of scalding steam.
The plant begins to die.
The steam dragon bites you but does no damage.
You block the steam dragon's attack.
You scratch the steam dragon.
The steam dragon is heavily wounded.
You are engulfed in a cloud of scalding steam.
You block the steam dragon's attack.
The steam dragon claws you but does no damage.
You scratch the steam dragon.
The steam dragon is heavily wounded.
You are engulfed in a cloud of scalding steam.
The steam dragon barely misses you. The steam dragon claws you.
The electric eel shoots out a bolt of lightning at you!
The bolt of electricity hits you!
You claw the steam dragon!
The steam dragon is almost dead.
You are engulfed in a cloud of scalding steam.
A nearby plant withers and dies.
The steam dragon bites you. The steam dragon barely misses you.
The electric eel shoots out a bolt of lightning at you!
The bolt of electricity hits you.
You fail to use your ability.
The steam dragon breathes steam at you. The ball of steam hits you!
* * * LOW HITPOINT WARNING * * *
You mangle the steam dragon!!
You kill the steam dragon!
Trog accepts your kill.
You are engulfed in a cloud of scalding steam.
You die...

#...
#♣~♣#.###.#####.
#...##♣~P~♣.# #.#
. #.....♣~~~♣.#
#.# .
###....♣~~~♣♣ #.#
.......~P~~P♣###.#
###~.§§~P~≈~~....#
#.~~...~~~≈~~#####
#♣♣~~§§.~~≈≈~~.#
♣~~~.h.~~≈≈~~~...
♣P~...~~~≈≈~~♣###
♣~~S..~♣~~~~~♣
♣~~~...~~~~P~♣
♣P~~..~.~PP~~~#
♣P~~....~~~~P♣#
♣♣~~~..PPP♣P~
♣♣~P...~~.


You could see an electric eel.

Vanquished Creatures
  Grinder (D:4)
  A steam dragon (D:6)
  Menkaure (D:5)
  An orc warrior (D:5)
  Duvessa (D:5)
  An ice beast (D:6)
  Blork the orc (D:5)
  2 scorpions
  Dowan (D:5)
  An electric eel (D:6)
  2 bombardier beetles
  Crazy Yiuf (D:5)
  4 orc priests
  4 iguanas
  A sleepcap (D:5)
  Ijyb (D:5)
  3 orc wizards
  4 adders
  3 gnolls (D:5)
  5 dart slugs
  8 orcs
  6 endoplasms
  2 giant cockroaches
  9 goblins
  7 hobgoblins
  7 kobolds
  6 ball pythons
  4 bats
  2 frilled lizards (D:2)
  6 rats
96 creatures vanquished.

Notes
Turn   | Place    | Note
-------+----------+-------------------------------------------
     0 | D:1      | KittyFluff the Troll Shapeshifter began the quest for the
                  | Orb.
     0 | D:1      | Reached XP level 1. HP: 18/18 MP: 0/0
   145 | D:1      | Found Giging's Magic Scroll Shoppe.
   353 | D:1      | Reached skill level 1 in Fighting
   392 | D:1      | Reached XP level 2. HP: 27/27 MP: 1/1
   931 | D:2      | Found a faded altar of an unknown god.
  1143 | D:2      | Reached XP level 3. HP: 33/33 MP: 2/2
  1391 | D:2      | Found a shimmering blue altar of Sif Muna.
  1741 | D:2      | Learned a level 2 spell: Blink
  2038 | D:3      | Reached XP level 4. HP: 41/41 MP: 3/3
  2780 | D:4      | Found a bloodstained altar of Trog.
  2790 | D:4      | Became a worshipper of Trog the Wrathful
  2899 | D:4      | Reached skill level 1 in Throwing
  2899 | D:4      | Reached XP level 5. HP: 49/49 MP: 4/4
  2915 | D:4      | Reached skill level 1 in Shields
  3110 | D:4      | Noticed Grinder
  3112 | D:4      | Paralysed by Grinder for 3 turns
  3118 | D:4      | Paralysed by Grinder for 3 turns
  3125 | D:4      | Killed Grinder
  3126 | D:4      | Reached skill level 4 in Unarmed Combat
  3126 | D:4      | Reached XP level 6. HP: 37/58 MP: 5/5
  3449 | D:4      | Reached * piety under Trog
  3618 | D:5      | Entered Level 5 of the Dungeon
  3799 | D:5      | Found a shimmering blue altar of Sif Muna.
  3842 | D:5      | Reached XP level 7. HP: 43/66 MP: 6/6
  3868 | D:5      | Noticed Menkaure
  3875 | D:5      | Killed Menkaure
  4092 | D:5      | Found a runed translucent door.
  4093 | D:5      | Noticed Crazy Yiuf
  4099 | D:5      | Killed Crazy Yiuf
  4124 | D:5      | Noticed Blork the orc
  4129 | D:5      | Killed Blork the orc
  4154 | D:5      | Noticed Duvessa
  4154 | D:5      | Noticed Dowan
  4171 | D:5      | Killed Duvessa
  4176 | D:5      | Killed Dowan
  4239 | D:5      | Reached XP level 8. HP: 75/75 MP: 7/7
  4355 | D:5      | Noticed Ijyb
  4364 | D:5      | Killed Ijyb
  4595 | D:6      | Found a shadowy altar of Dithmenos.
  4595 | D:6      | Found a radiant altar of Vehumet.
  4601 | D:6      | Found a basalt altar of Yredelemnul.
  4603 | D:6      | Found an ancient bone altar of Kikubaaqudgha.
  4604 | D:6      | Found a sacrificial altar of Ru.
  4687 | D:6      | Reached skill level 5 in Unarmed Combat
  5103 | D:6      | Engulfed by a cloud of steam

Illustrated notes

Levels and vault maps discovered:
D:1:      minmay_arrival_three_doors, layout_basic, serial_shops,
          nicolae_shop_trees, serial_curves, eino_curves_04, eino_curves_03
D:2:      layout_basic, basic_altar, shapermc_ecumenical_altar_starsandcircs,
          minmay_randomly_rotated_circles
D:3:      layout_loops_corners, minivault_5
D:4:      layout_gridville, mainiacjoe_overflow_catwalk, uniq_grinder
D:5:      layout_basic, lemuel_coloured_pillars_altar, uniq_blork_the_orc,
          uniq_crazy_yiuf_cottage, uniq_menkaure, uniq_duvessa, uniq_ijyb
D:6:      layout_basic, chequers_temple_overflow_minitemple,
          minmay_temple_entry_crystal_x, serial_bayou_ford_a, uniq_maggie

Skill      XL: |  1  2  3  4  5  6  7  8 |
---------------+-------------------------+-----
Fighting       | 1 2 3 |  3.6
Dodging        | 2 3 |  3.9
Throwing       | 1 2 3 |  3.4
Shields        | 1 2 3 |  3.4
Unarmed Combat | 4 5 |  5.2
Shapeshifting  | 4 |  4.9

Action                     |  1- 3 |  4- 6 |  7- 9 || total
---------------------------+-------+-------+-------++-------
  Melee: Unarmed           |    91 |    63 |   112 ||   266
         Punch             |     1 |       |       ||     1
  Throw: Stone             |       |     6 |    10 ||    16
   Stab: Sleeping          |     1 |       |       ||     1
 Armour: Animal skin       |    53 |    22 |    51 ||   126
  Dodge: Dodged            |    38 |    17 |    21 ||    76
  Block: Kite shield       |     4 |    20 |    17 ||    41
